 Dungeon Crawl Stone Soup version 0.28-a0-529-g3bad584f25 (webtiles) character file.

Game seed: 2027534911969363835

100410 Woods the Lord of Darkness (level 15, -16/115 HPs)
             Began as a Demonspawn Necromancer on Sept 23, 2021.
             Was the Champion of Kikubaaqudgha.
             Demolished by a snapping turtle (17 damage)
             ... on level 1 of the Shoals on Sept 24, 2021.
             The game lasted 02:12:28 (39292 turns).

Woods the Lord of Darkness (DsNe)                  Turns: 39292, Time: 02:12:29

Health: -16/115    AC: 25    Str:  9    XL:     15   Next: 80%
Magic:  0/30       EV: 21    Int: 33    God:    Kikubaaqudgha [******]
Gold:   3812       SH:  9    Dex: 21    Spells: 7/37 levels left

rFire   . . .      SeeInvis .   c - +7 long sword (protect)
rCold   . . .      Faith    .   (no shield)
rNeg    . . .      Spirit   +   F - +0 steam dragon scales
rPois   .          Reflect  +   o - +0 helmet
rElec   .          Harm     .   J - +2 cloak {Will+}
rCorr   .          Rampage  .   E - +2 pair of gloves
Will    ++...                   (boots unavailable)
Stlth   ++++......              G - amulet of reflection
HPRegen 0.29/turn               i - +6 ring of intelligence
MPRegen 0.44/turn               y - +6 ring of intelligence

@: lit by a corona, engulfed (cannot breathe), under a protective aura,
mesmerised, glowing
A: talons 3, thin skeletal structure 3, icemail 1, magic shield, magic
regeneration, condensation shield
a: Renounce Religion, Receive Corpses, Torment


You were on level 1 of the Shoals.
You worshipped Kikubaaqudgha.
Kikubaaqudgha was exalted by your worship.
You visited 5 branches of the dungeon, and saw 24 of its levels.

You collected 4018 gold pieces.
You spent 206 gold pieces at shops.

Inventory:

Hand Weapons
 c - a +7 long sword of protection (weapon)
 C - a +1 arbalest of flaming
Missiles
 N - 3 boomerangs of dispersal
Armour
 o - a +0 helmet (worn)
 u - a +0 buckler
 E - a +2 pair of gloves (worn)
 F - +0 steam dragon scales (worn)
 J - a +2 cloak of willpower (worn)
 W - a +1 helmet
Jewellery
 i - a +6 ring of intelligence (left hand)
 w - a ring of willpower
 y - a +6 ring of intelligence (right hand)
 G - an amulet of reflection (around neck)
 S - the ring "Mait" {+Blink MP+9 SInv}
   (You found it on level 11 of the Dungeon)

   [ring of see invisible]

   MP:        It affects your magic capacity (+9).
   SInv:      It lets you see invisible.
   +Blink:    It lets you blink.
 U - an amulet of the acrobat
Wands
 x - a wand of iceblast (23)
 K - a wand of mindburst (65)
 M - a wand of flame (54)
 P - a wand of charming (19)
 R - a wand of polymorph (9)
 V - a wand of acid (9)
Scrolls
 a - 2 scrolls of enchant armour
 b - 6 scrolls of vulnerability
 d - 2 scrolls of teleportation
 f - a scroll of summoning {unknown}
 g - 3 scrolls of amnesia
 h - 2 scrolls of silence {unknown}
 l - a scroll of blinking
 q - 3 scrolls of immolation
 r - 4 scrolls of magic mapping
 s - 2 scrolls of fear {unknown}
 D - 2 scrolls of fog
 I - 2 scrolls of torment
 Q - 4 scrolls of enchant weapon
 T - 2 scrolls of holy word {unknown}
 Z - 3 scrolls of brand weapon
Potions
 e - 7 potions of haste
 j - a potion of magic {unknown}
 k - 4 potions of curing
 m - 2 potions of lignification {unknown}
 n - 4 potions of cancellation
 p - 2 potions of heal wounds {unknown}
 t - 6 potions of flight
 v - 5 potions of attraction
 z - a potion of degeneration {unknown}
 A - a potion of berserk rage {unknown}
 B - 2 potions of brilliance {unknown}
 H - a potion of resistance {unknown}
 L - 4 potions of ambrosia
 O - a potion of mutation {unknown}
 X - 3 potions of invisibility
 Y - a potion of might {unknown}


   Skills:
 - Level 10.0 Fighting
 - Level 8.0 Armour
 * Level 11.9 Dodging
 - Level 12.0 Stealth
 - Level 4.0 Shields
 + Level 11.9 Spellcasting
 + Level 16.0 Necromancy


You had 7 spell levels left.
You knew the following spells:

 Your Spells              Type           Power      Damage    Failure   Level
a - Pain                  Necr           100%       1d9       0%          1
c - Vampiric Draining     Necr           45%        2d12      0%          3
d - Animate Dead          Necr           45%        N/A       1%          4
e - Agony                 Necr           90%        N/A       1%          5
f - Sublimation of Blood  Necr           45%        N/A       0%          2
g - Dispel Undead         Necr           90%        3d29      1%          4
h - Borgnjor's Vile Clut  Necr/Erth      32%        N/A       2%          5
i - Death Channel         Necr           45%        N/A       1%          6

Your spell library contained the following spells:

 Spells                   Type           Power      Damage    Failure   Level
 Animate Skeleton         Necr           100%       N/A       0%          1
 Apportation              Tloc           38%        N/A       2%          1
 Foxfire                  Conj/Fire      76%        2x1d7     2%          1
 Freeze                   Ice            76%        1d9       2%          1
 Magic Dart               Conj           76%        1d6       2%          1
 Summon Small Mammal      Summ           76%        N/A       2%          1
 Ensorcelled Hibernation  Hex/Ice        38%        N/A       3%          2
 Conjure Flame            Conj/Fire      19%        6-21      7%          3
 Frozen Ramparts          Ice            38%        1d5       7%          3
 Gell's Gravitas          Tloc           9%         N/A       7%          3
 Inner Flame              Hex/Fire       19%        N/A       7%          3
 Lesser Beckoning         Tloc           19%        N/A       7%          3
 Spider Form              Tmut/Pois      9%         N/A       7%          3
 Teleport Other           Tloc           19%        N/A       7%          3
 Tukima's Dance           Hex            19%        N/A       7%          3
 Flame Wave               Conj/Fire      19%        3d5       24%         4
 Hailstorm                Conj/Ice       19%        3d6       24%         4
 Fireball                 Conj/Fire      9%         3d6       54%         5
 Iskenderun's Battlesphe  Conj           19%        2d7       54%         5
 Haunt                    Necr/Summ      32%        N/A       58%         7
 Conjure Ball Lightning   Conj/Air       9%         3x3d6     98%         6
 Starburst                Conj/Fire      9%         6d5       98%         6
 Orb of Destruction       Conj           9%         9d4       100%        7
 Borgnjor's Revivificati  Necr           45%        N/A       22%         8
 Infestation              Necr           45%        N/A       22%         8
 Death's Door             Necr           45%        N/A       98%         9
 Necromutation            Tmut/Necr      32%        N/A       99%         8
 Ignition                 Fire           9%         3d5       100%        8


Dungeon Overview and Level Annotations

Branches:
Dungeon (15/15)            Temple (1/1) D:5            Lair (5/6) D:11
 Shoals (1/4) Lair:2        Snake (0/4) Lair:2          Orc (2/2) D:10
    Elf (0/3) Orc:2        Vaults (0/5) D:13         Depths (0/4) D:15
  Slime: Lair:5-6

Altars:
Ashenzari
Cheibriados
Dithmenos
Elyvilon
Fedhas
Gozag
Hepliaklqana
Kikubaaqudgha
Makhleb
Nemelex Xobeh
Okawaru
Qazlal
Ru
Sif Muna
Trog
Uskayaw
Vehumet
Wu Jian
Xom
Zin
The Shining One
Beogh

Shops:
D:2 ([==!   D:5 *   D:15 :   Orc:2 ((*=[

Annotations:
D:4 Grinder
D:13 exclusion: obsidian statue
Lair:3 exclusion: ice statue
Orc:2 2 transporters, bronco's ghost, journeyman HuFE


Innate Abilities, Weirdness & Mutations

You have claws for feet.
You have an unnaturally thin skeletal structure. (Dex +6, Stealth+++)
A meltable icy envelope protects you from harm. (AC +4)
When hurt, damage is shared between your health and your magic reserves.
You regenerate magic rapidly.
A meltable shield of frost defends you. (SH +4)


Message History

You claw the water elemental, but do no damage.
The water elemental is almost destroyed.
Your lungs strain for air!
The drowned soul returns to the deep!
The water elemental misses you. You block the faun's attack.
The merfolk avatar chants its luring song.
The water elemental barely misses you.
The faun gestures at you while chanting.
You resist with almost no effort.
You barely miss the water elemental.
The water elemental is almost destroyed.
Your lungs strain for air!
The drowned soul returns to the deep!
The snapping turtle bites you but does no damage.
The water elemental hits you! The faun hits you with a +0 spear!
The merfolk avatar chants its luring song.
The snapping turtle bites you but does no damage.
You hit the water elemental. Your kick misses the water elemental.
The water elemental is almost destroyed.
Your lungs strain for air!
The water elemental barely misses you. The faun hits you with a +0 spear!
* * * LOW HITPOINT WARNING * * *
The merfolk avatar chants its luring song.
The snapping turtle misses you. The water elemental hits you.
* * * LOW HITPOINT WARNING * * *
You barely miss the water elemental. Your kick misses the water elemental.
The water elemental is almost destroyed.
* * * LOW HITPOINT WARNING * * *
Your lungs strain for air!
The faun hits you with a +0 spear!
* * * LOW HITPOINT WARNING * * *
The merfolk avatar chants its luring song.
The snapping turtle completely misses you.
You block the water elemental's attack. The faun casts a spell at you.
You are outlined in light.
The merfolk avatar chants its luring song.
The snapping turtle bites you from afar!
You die...
Kikubaaqudgha rasps: "You have failed me!
Welcome... death!"

≈≈≈.## ##...≈.≈≈..≈..≈≈≈≈≈
≈≈≈..####..≈≈..≈.)≈≈≈≈≈≈≈≈≈
..................≈≈≈≈≈≈≈≈≈
......≈†.......###..≈≈≈≈.≈≈
.....≈≈....≈...# #...≈≈≈≈≈≈
≈.≈.≈≈≈≈.......###>.≈≈≈≈≈≈≈
≈≈≈≈≈≈≈..≈...###.^.≈≈≈≈≈≈≈≈
≈≈≈≈≈≈≈..≈≈.≈###..≈≈≈≈≈≈≈≈.
≈≈≈≈≈≈≈.≈≈≈≈≈≈..@.≈≈≈≈≈≈≈..
≈≈≈≈≈≈≈.≈≈≈≈≈≈≈Ec.≈≈≈≈≈..##
≈≈≈≈≈≈≈≈≈≈≈≈≈≈≈.t..?≈≈≈..#
≈≈≈≈≈≈≈≈.###.≈≈≈≈.# P≈≈m≈..
..≈≈≈≈.. ....≈≈. .≈≈≈≈≈≈
......≈ ≈≈≈≈≈≈≈ ≈P....≈
≈≈≈≈≈≈≈ ..#..^. ≈≈≈≈


You could see a merfolk avatar (mesmerising), a snapping turtle, a faun and a
water elemental.

Vanquished Creatures
  Louise (Shoals:1)
  An orc warlord (Orc:1)
  A merfolk impaler (Shoals:1)
  2 fire dragons
  An ice dragon (Lair:3)
  7 hydras
  A vault guard (D:13)
  Erolcha (Orc:1)
  2 ogre magi
  A catoblepas (Lair:2)
  9 centaur warriors
  7 boulder beetles
  A merfolk aquamancer (Lair:2)
  5 death yaks
  8 two-headed ogres
  A tengu warrior (D:15)
  An orc high priest (Orc:2)
  Urug (Orc:2)
  A deep elf knight (D:14)
  Nergalle (Lair:3)
  Sonja (Lair:2)
  A skeletal warrior (D:14)
  2 sea snakes (Shoals:1)
  4 deep elf pyromancers
  2 necromancers
  6 orc knights
  2 orc sorcerers (Orc:2)
  2 cyclopes (shapeshifter) (D:14)
  5 ugly things
  13 cyclopes
  10 manticores
  5 elephants
  Maurice (D:9)
  5 black mambas
  A torpor snail (Lair:2)
  2 merfolk sirens (Shoals:1)
  13 cane toads
  A rime drake (shapeshifter) (D:10)
  2 unseen horrors (D:12)
  A gargoyle (D:10)
  3 kobold demonologists
  5 rime drakes
  6 yaktaurs
  6 komodo dragons
  A tengu conjurer (D:15)
  A meliai (D:14)
  10 trolls
  A merfolk (Shoals:1)
  2 wind drakes
  3 polar bears
  A hornet (D:10)
  3 blink frogs (Lair:2)
  25 slime creatures
  4 dream sheep
  A centaur simulacrum (D:14)
  4 wyverns
  A shadow (D:10)
  2 basilisks
  2 wraiths
  16 yaks
  10 humans
  3 water elementals (Lair:2)
  A steam dragon (D:8)
  4 wargs
  Edmund (D:5)
  7 acid dragons
  12 water moccasins
  27 orc warriors
  A sky beast (D:5)
  9 ice beasts
  6 black bears
  A hornet zombie (D:7)
  11 ogres
  A boggart (D:14)
  9 centaurs
  2 necrophages
  3 wolves (D:11)
  A phantom (D:5)
  Blork the orc (Orc:2)
  2 kobold brigands
  13 bullfrogs
  2 wyvern zombies
  2 water moccasin zombies
  A scorpion (D:5)
  A wyvern skeleton (D:6)
  A water moccasin skeleton (D:4)
  8 killer bees
  3 centaur zombies
  3 bullfrog zombies
  4 hounds
  2 bullfrog skeletons
  4 jellies
  11 orc priests
  2 centaur skeletons
  2 iguanas (D:6)
  Natasha (twice) (D:2)
  19 orc wizards
  A killer bee zombie (D:7)
  2 howler monkey zombies
  7 adders
  7 gnolls
  2 howler monkey skeletons
  6 white imps
  An adder skeleton (D:4)
  2 worms
  3 dart slugs
  53 orcs
  A ball python (D:3)
  6 endoplasms
  2 giant cockroaches (D:1)
  6 hobgoblins
  5 jackals
  3 quokkas
  7 bats
  A frilled lizard (D:2)
  20 goblins
  10 kobolds
  3 rats
569 creatures vanquished.

Vanquished Creatures (collateral kills)
  A vault guard (D:13)
  A hydra (Lair:4)
  A death yak (Lair:3)
  A necromancer (D:13)
  2 elephants
  A troll (Orc:2)
  A wind drake (Shoals:1)
  12 humans (D:13)
  2 yaks (Lair:3)
  Grum (D:11)
  3 orc warriors
  A necrophage (D:6)
  A gnoll shaman (D:10)
  An orc priest (Orc:1)
  An orc wizard (D:12)
  Robin (D:2)
  A white imp (D:3)
  6 orcs
  A bat (D:3)
  A giant cockroach (D:3)
  A goblin (D:2)
  A hobgoblin (D:2)
  A quokka (D:2)
  A frilled lizard (D:2)
44 creatures vanquished.

Vanquished Creatures (others)
  2 ogre magi
  23 fungi
  26 plants
51 creatures vanquished.

Grand Total: 664 creatures vanquished

Notes
Turn   | Place    | Note
-------+----------+-------------------------------------------
     0 | D:1      | Woods the Demonspawn Necromancer began the quest for the
                  | Orb.
     0 | D:1      | Reached XP level 1. HP: 13/13 MP: 3/3
   322 | D:1      | Gained mutation: You have a somewhat thin skeletal
                  | structure. (Dex +2, Stealth+) [demonic ancestry]
   322 | D:1      | Reached XP level 2. HP: 17/19 MP: 1/5
   484 | D:1      | Learned a level 1 spell: Animate Skeleton
   848 | D:1      | Found a hide-covered altar of Uskayaw.
  1517 | D:2      | Found Isimne's Jewellery Shop.
  1519 | D:2      | Reached skill level 5 in Necromancy
  1520 | D:2      | Gained mutation: A meltable shield of frost defends you.
                  | (SH +4) [demonic ancestry]
  1520 | D:2      | Reached XP level 3. HP: 23/25 MP: 3/6
  1562 | D:2      | Learned a level 3 spell: Vampiric Draining
  1617 | D:2      | Noticed Robin
  1721 | D:2      | Killed Robin
  1722 | D:2      | Reached skill level 1 in Fighting
  1904 | D:2      | Found Arhemmur's Distillery.
  1947 | D:2      | Gained mutation: You have a moderately thin skeletal
                  | structure. (Dex +4, Stealth++) [demonic ancestry]
  1947 | D:2      | Reached XP level 4. HP: 27/32 MP: 2/8
  2050 | D:2      | Noticed Natasha
  2102 | D:2      | Killed Natasha
  2336 | D:2      | Noticed Natasha
  2351 | D:2      | Killed Natasha
  2426 | D:2      | Found Zowevvikh's Jewellery Shoppe.
  2433 | D:2      | Found Emybebb's Antique Armour Emporium.
  2442 | D:2      | Reached XP level 5. HP: 29/37 MP: 5/9
  2835 | D:2      | Found Canak's Antique Weapon Boutique.
  3259 | D:3      | Found a faded altar of an unknown god.
  3281 | D:3      | Reached skill level 6 in Necromancy
  4143 | D:3      | Learned a level 4 spell: Animate Dead
  4156 | D:4      | Gained mutation: You regenerate magic rapidly. [demonic
                  | ancestry]
  4156 | D:4      | Reached XP level 6. HP: 34/44 MP: 11/11
  4342 | D:4      | Noticed Grinder
  4418 | D:4      | Found a stormy altar of Qazlal.
  4583 | D:4      | Found a shimmering altar of Xom.
  4623 | D:4      | Found a shimmering altar of Xom.
  4624 | D:4      | Found a shimmering altar of Xom.
  4882 | D:4      | Found a shimmering altar of Xom.
  5165 | D:4      | Found a sparkling altar of Nemelex Xobeh.
  5421 | D:4      | Paralysed by Grinder for 5 turns
  5593 | D:5      | Entered Level 5 of the Dungeon
  5715 | D:5      | Found Cohosuph's Assorted Antiques.
  5719 | D:5      | Noticed Edmund
  5729 | D:5      | Killed Edmund
  5730 | D:5      | Reached XP level 7. HP: 46/51 MP: 7/13
  5740 | D:5      | Bought a scroll of identify for 52 gold pieces
  5774 | D:5      | Learned a level 5 spell: Agony
  5784 | D:5      | Found a sacrificial altar of Ru.
  5855 | D:5      | Reached skill level 5 in Spellcasting
  5855 | D:5      | Reached skill level 7 in Necromancy
  6519 | D:5      | Found a staircase to the Ecumenical Temple.
  6819 | D:5      | Gained mutation: A meltable icy envelope protects you from
                  | harm. (AC +4) [demonic ancestry]
  6819 | D:5      | Reached XP level 8. HP: 45/60 MP: 15/15
  7299 | Temple   | Entered the Ecumenical Temple
  7481 | Temple   | Became a worshipper of Kikubaaqudgha
  7816 | D:6      | Reached skill level 5 in Stealth
  7835 | D:6      | Reached skill level 5 in Dodging
  8600 | D:6      | Gained mutation: You have sharp toenails. [demonic
                  | ancestry]
  8600 | D:6      | Reached XP level 9. HP: 62/66 MP: 12/17
  8736 | D:6      | Found a shimmering blue altar of Sif Muna.
  8859 | D:7      | Reached skill level 8 in Necromancy
  8907 | D:7      | Found an ornate altar of the Wu Jian Council.
  9413 | D:7      | Found a radiant altar of Vehumet.
  9815 | D:7      | Reached * piety under Kikubaaqudgha
  9815 | D:7      | Received a gift from Kikubaaqudgha
  9826 | D:7      | Reached skill level 5 in Fighting
 10367 | D:8      | Reached skill level 9 in Necromancy
 11177 | D:8      | Reached skill level 10 in Necromancy
 11241 | D:8      | Reached XP level 10. HP: 76/76 MP: 7/20
 11602 | D:9      | Noticed Maurice
 11708 | D:9      | Reached skill level 1 in Shields
 11796 | D:9      | Identified the +10 great sword of Abomination {vorpal,
                  | rElec Stlth+}
 11908 | D:9      | Noticed a necromancer
 11998 | D:9      | Paralysed by something for 6 turns
 12033 | D:9      | Killed Maurice
 12671 | D:9      | Killed a necromancer
 12676 | D:9      | Got the Collected Works on Attacks
 12680 | D:9      | Learned a level 2 spell: Sublimation of Blood
 12761 | D:10     | Entered Level 10 of the Dungeon
 12876 | D:10     | Noticed an orc knight
 13005 | D:10     | Noticed a gargoyle
 13041 | D:10     | Killed a gargoyle
 13041 | D:10     | Reached ** piety under Kikubaaqudgha
 13253 | D:10     | Found a staircase to the Orcish Mines.
 13435 | D:10     | Found an iron altar of Okawaru.
 13517 | D:10     | Noticed a centaur warrior
 13519 | D:10     | Reached XP level 11. HP: 78/84 MP: 12/21
 13520 | D:10     | Noticed a boulder beetle
 13522 | D:10     | Noticed a harpy
 13524 | D:10     | Killed a centaur warrior
 13896 | D:10     | Killed an orc knight
 14498 | D:11     | Identified the ring "Mait" {+Blink MP+9 SInv}
 14620 | D:11     | Noticed a two-headed ogre
 14623 | D:11     | Noticed an ogre mage
 14625 | D:11     | Noticed a two-headed ogre
 14652 | D:11     | Killed a two-headed ogre
 15007 | D:11     | Found a staircase to the Lair.
 15137 | D:11     | Noticed a two-headed ogre
 15167 | D:11     | Killed a two-headed ogre
 15696 | Orc:1    | Entered Level 1 of the Orcish Mines
 15735 | D:11     | Noticed Grum
 15764 | D:11     | Killed Grum
 15765 | D:11     | Reached skill level 10 in Stealth
 15861 | D:11     | Killed a two-headed ogre
 15891 | D:11     | Paralysed by something for 5 turns
 15900 | D:11     | Killed an ogre mage
 16216 | D:12     | Noticed a deep elf pyromancer
 16243 | D:12     | Noticed a green ugly thing
 16259 | Lair:1   | Entered Level 1 of the Lair of Beasts
 16857 | Lair:1   | Gained mutation: You have razor-sharp toenails. [demonic
                  | ancestry]
 16857 | Lair:1   | Reached XP level 12. HP: 73/91 MP: 4/23
 17088 | Lair:1   | Reached *** piety under Kikubaaqudgha
 17088 | Lair:1   | Received a gift from Kikubaaqudgha
 17235 | Lair:1   | Reached skill level 11 in Necromancy
 17934 | Lair:2   | Found a staircase to the Snake Pit.
 18126 | Lair:2   | Noticed Sonja
 18176 | Lair:2   | Killed Sonja
 18619 | Lair:2   | Found a staircase to the Shoals.
 19099 | Lair:2   | Reached skill level 12 in Necromancy
 19550 | Lair:3   | You fall into a shaft and drop 1 floor!
 19690 | Lair:3   | Noticed Nergalle
 19698 | Lair:3   | Killed Nergalle
 19835 | Lair:3   | Noticed a seven-headed hydra
 19893 | Lair:2   | Reached **** piety under Kikubaaqudgha
 20262 | Lair:3   | Reached skill level 10 in Spellcasting
 20262 | Lair:3   | Gained mutation: You have claws for feet. [demonic
                  | ancestry]
 20262 | Lair:3   | Reached XP level 13. HP: 64/101 MP: 6/27
 20323 | Lair:2   | Reached skill level 13 in Necromancy
 21080 | Lair:3   | Learned a level 4 spell: Dispel Undead
 21086 | Lair:3   | Learned a level 5 spell: Borgnjor's Vile Clutch
 21093 | Lair:3   | Learned a level 6 spell: Death Channel
 22340 | Lair:3   | Reached skill level 14 in Necromancy
 23534 | Lair:4   | Reached skill level 10 in Fighting
 24333 | Lair:5   | Reached ***** piety under Kikubaaqudgha
 24379 | Lair:5   | Reached skill level 15 in Necromancy
 25281 | Orc:1    | Reached skill level 1 in Armour
 25494 | Orc:2    | Entered Level 2 of the Orcish Mines
 25516 | Orc:2    | Found a staircase to the Elven Halls.
 25562 | Orc:2    | Found a transporter.
 25566 | Orc:2    | Noticed bronco's ghost (journeyman HuFE)
 25568 | Orc:2    | Found a bloodstained altar of Trog.
 25582 | Orc:2    | Noticed an orc warlord
 25937 | Orc:1    | Noticed Erolcha
 25979 | Orc:1    | Killed Erolcha
 26283 | Orc:2    | Noticed Blork the orc
 26368 | Orc:1    | Gained mutation: When hurt, damage is shared between your
                  | health and your magic reserves. [demonic ancestry]
 26368 | Orc:1    | Reached XP level 14. HP: 75/110 MP: 2/29
 26552 | Orc:2    | Found a transporter.
 26733 | Orc:2    | Paralysed by an orc sorcerer for 2 turns
 27053 | Orc:2    | Killed Blork the orc
 27622 | Orc:2    | Noticed Urug
 27635 | Orc:2    | Killed Urug
 27857 | Orc:2    | Found Ginishra's General Store.
 27864 | Orc:2    | Bought a potion of curing for 42 gold pieces
 27864 | Orc:2    | Bought a scroll of teleportation for 42 gold pieces
 27864 | Orc:2    | Bought a potion of curing for 42 gold pieces
 27864 | Orc:2    | Bought a scroll of identify for 28 gold pieces
 27882 | Orc:2    | Found Vusmas's Antique Armour Emporium.
 27899 | Orc:2    | Found Fuepnink's Jewellery Emporium.
 27992 | Orc:2    | Found Nimycil's Antique Weapon Emporium.
 28064 | Orc:2    | Found Wiypt's Weapon Shop.
 30827 | D:13     | Reached ****** piety under Kikubaaqudgha
 30835 | D:13     | Found a gate to the Vaults.
 30846 | D:13     | Reached skill level 5 in Armour
 31260 | D:12     | Received a gift from Kikubaaqudgha
 32949 | D:14     | Reached skill level 10 in Dodging
 33513 | D:14     | Gained mutation: You have an unnaturally thin skeletal
                  | structure. (Dex +6, Stealth+++) [demonic ancestry]
 33513 | D:14     | Reached XP level 15. HP: 111/115 MP: 13/30
 35531 | D:14     | Found a stormy altar of Qazlal.
 35572 | D:15     | Entered Level 15 of the Dungeon
 35862 | D:15     | Found the +7 Singing Sword {vorpal, sonic wave}
 36016 | D:15     | Found Boxepe's Book Shoppe.
 36167 | D:15     | Identified the +1 helmet of Huewos {Rampage}
 37777 | D:15     | Found a staircase to the Depths.
 38063 | Shoals:1 | Entered Level 1 of the Shoals
 38174 | Lair:2   | Upgraded the game from 0.28-a0-519-gbfeecf2fc5 to
                  | 0.28-a0-529-g3bad584f25
 39105 | Shoals:1 | Noticed Louise
 39127 | Shoals:1 | Killed Louise
 39231 | Shoals:1 | Reached skill level 16 in Necromancy
 39292 | Shoals:1 | HP: 1/115 [faun (11)]
 39292 | Shoals:1 | Demolished by a snapping turtle

Illustrated notes

Levels and vault maps discovered:
D:1:      psy_arrival_fountain, layout_basic, grunt_decor_resistance,
          minmay_misc_feat_hallway, kennysheep_flooded_box, nrook_mini_vaults,
          minmay_3d_cube
D:2:      layout_rooms, serial_shops, shop, shop, nicolae_diamond_shop,
          nicolae_shop_statue_plus, shop, uniq_robin, uniq_natasha
D:3:      layout_loops_cross, ebering_ecumenical_altar_box
D:4:      layout_loops_ring, nemelex_spade_bored_becter, xom_redecorated,
          mainiacjoe_overflow_brackets, minmay_box_of_dots, uniq_grinder
D:5:      layout_loops_ring, hangedman_ru_absence, temple_doors_e, serial_shops,
          nicolae_shop_trees, grunt_tough_drop, uniq_edmund
D:6:      layout_rooms, kennysheep_little_box, enter_ossuary_1
D:7:      layout_rooms, nicolae_overflow_hidden_temple,
          mainiacjoe_overflow_alcove_2, mainiacjoe_overflow_surrounded_room
D:8:      layout_loops_corners, due_unseen_surprise
D:9:      layout_roguey, kennysheep_just_a_vault, uniq_maurice
D:10:     minmay_distorted_concentric_squares, layout_cave_pools,
          okawaru_humans, orc_0_dummy, minmay_misc_feat_encased
D:11:     layout_small_grid, lair_entry_dummy, uniq_grum
D:12:     layout_rooms, lightli_minifort
D:13:     layout_roguey [special_room_orc], grunt_vaults_entry_tiered,
          enter_bailey_3, minmay_protected_statue
D:14:     minmay_the_grid_square_5x5_5x5 [minmay_the_grid_square_5x5_shuriken,
          minmay_the_grid_square_5x5_three_walls,
          minmay_the_grid_square_5x5_corner,
          minmay_the_grid_square_5x5_tri_point,
          minmay_the_grid_square_5x5_forky, minmay_the_grid_square_5x5_inset,
          minmay_the_grid_square_5x5_prize_snowflake,
          minmay_the_grid_square_5x5_checkered,
          minmay_the_grid_square_5x5_prize_deathbox,
          minmay_the_grid_square_5x5_empty,
          minmay_the_grid_square_5x5_gyroscope,
          minmay_the_grid_square_5x5_misaligned,
          minmay_the_grid_square_5x5_prize_pseudospiral,
          minmay_the_grid_square_5x5_two_walls_b,
          minmay_the_grid_square_5x5_inner_i,
          minmay_the_grid_square_5x5_longway,
          minmay_the_grid_square_5x5_prize_junk,
          minmay_the_grid_square_5x5_empty,
          minmay_the_grid_square_5x5_prize_gold,
          minmay_the_grid_square_5x5_sharp_hourglass,
          minmay_the_grid_square_5x5_almost_minimal,
          minmay_the_grid_square_5x5_hourglass, minmay_the_grid_square_5x5_comb,
          minmay_the_grid_square_5x5_three, minmay_the_grid_square_5x5_inner_z],
          layout_long_grid, lemuel_coloured_pillars_altar
D:15:     grunt_enter_depths_hoard, layout_loops_cross, serial_shops,
          nicolae_shop_statue_plus, serial_co_window_serial, co_window_paths_a,
          co_window_of_opportunity_a, co_window_paths_a, co_window_paths_a,
          co_window_paths_a, co_window_broadway_c, co_window_of_opportunity_b,
          co_window_broadway_c, co_window_paths_c, co_window_of_opportunity_b,
          co_window_4corner_a, glass_columns_a, glass_columns_b,
          minmay_misc_feat_tiny, grunt_ministairs_1
Temple:   nicolae_temple_figure_eight
Lair:1:   layout_cave_pods, chequers_serial_rivers_small_b, beast_lair_carwin_2,
          grunt_megastairs_3, lemuel_fruit_tree
Lair:2:   layout_loops_ring, minmay_shoals_entry_beasts, dummy_snake_entry,
          nzn_random_ring, uniq_sonja
Lair:3:   layout_regular_city, ice2_lemuel, grunt_megastairs_2, uniq_nergalle
Lair:4:   layout_long_grid, infiniplex_staircase_pool_2
Lair:5:   layout_roguey, serial_bayou_shore_b
Shoals:1: layout_shoals, nicolae_shoals_land_atoll, uniq_louise
Orc:1:    layout_caves, portal_ice_cave_rime, uniq_erolcha
Orc:2:    grunt_orc_cross, layout_caves, serial_shops, nicolae_lakefront_shop,
          gammafunk_ghost_wrathful_warriors, nicolae_orc_lava_room

Skill      XL: |  1  2  3  4  5  6  7  8  9 10 11 12 13 14 15 |
---------------+----------------------------------------------+-----
Necromancy     | 5 6 7 10 12 15 16 | 16.0
Fighting       | 1 2 4 6 7 9 10 | 10.0
Spellcasting   | 3 4 5 7 10 11 | 11.9
Dodging        | 3 5 6 8 10 11 | 11.9
Stealth        | 3 5 7 10 12 | 12.0
Shields        | 4 |  4.0
Armour         | 2 6 8 |  8.0

Action                   |  1- 3 |  4- 6 |  7- 9 | 10-12 | 13-15 || total
-------------------------+-------+-------+-------+-------+-------++-------
Melee: Dagger            |     8 |       |       |       |       ||     8
       Mace              |     6 |    68 |       |       |       ||    74
       Dire flail        |       |       |   184 |   291 |   192 ||   667
       Kick              |       |       |    24 |   105 |   176 ||   305
       Long sword        |       |       |       |       |   327 ||   327
 Cast: Pain              |    64 |   105 |   143 |    53 |   108 ||   473
       Animate Skeleton  |     7 |     8 |     9 |     7 |     3 ||    34
       Animate Dead      |       |     3 |     5 |     4 |     9 ||    21
       Vampiric Draining |       |     1 |    38 |   227 |   661 ||   927
       Agony             |       |       |     5 |    68 |   111 ||   184
       Death Channel     |       |       |       |       |    19 ||    19
       Borgnjor's Vile C |       |       |       |       |     2 ||     2
       Sublimation of Bl |       |       |       |       |    34 ||    34
       Dispel Undead     |       |       |       |       |     4 ||     4
Invok: Receive Forbidden |       |       |       |       |     1 ||     1
Evoke: Wand              |       |       |       |     1 |       ||     1
  Use: Scroll            |       |     4 |     4 |     7 |    16 ||    31
       Potion            |       |       |       |     1 |     5 ||     6
 Stab: Sleeping          |       |     4 |     4 |     3 |     4 ||    15
       Petrified         |       |       |       |     1 |       ||     1
       Distracted        |       |       |       |       |    11 ||    11
Armor: Robe              |     8 |    34 |    85 |       |       ||   127
       Steam dragon scal |       |       |     7 |   211 |   526 ||   744
Dodge: Dodged            |    14 |    66 |   186 |   366 |  1123 ||  1755
Block: Other             |     3 |    16 |    66 |   255 |   626 ||   966
       Reflection        |       |       |       |    10 |    26 ||    36

Table legend: (Time is in decaauts)
 A = Elapsed time spent in this place.
 B = Non-inter-level travel time spent in this place.
 C = Inter-level travel time spent in this place.
 D = Time resting spent in this place.
 E = Time spent auto-exploring this place.
 F = Levels seen in this place.
 G = Mean time per level.
                   A        B        C        D        E       F      G
               +--------+--------+--------+--------+--------+-----+--------+
         Total |  39792 |  38066 |   1726 |  13141 |  14581 |  24 | 1658.0 |
       Dungeon |  26097 |  24933 |   1164 |   8459 |   9936 |  15 | 1739.8 |
        Temple |    290 |    282 |      8 |      0 |    272 |   1 |  290.0 |
          Lair |   9463 |   9075 |    388 |   3079 |   3570 |   5 | 1892.6 |
        Shoals |    492 |    492 |      0 |    145 |     93 |   1 |  492.0 |
  Orcish Mines |   3448 |   3283 |    165 |   1458 |    710 |   2 | 1724.0 |
               +--------+--------+--------+--------+--------+-----+--------+

Top non-repeatable levels by time:
    D:14: 3254 daAuts
  Lair:2: 2929 daAuts
    D:11: 2854 daAuts
  Lair:3: 2736 daAuts
    D:15: 2356 daAuts
   Orc:1: 2014 daAuts
     D:5: 1795 daAuts
    D:10: 1757 daAuts
    D:13: 1661 daAuts
     D:8: 1639 daAuts
     D:9: 1572 daAuts
     D:1: 1558 daAuts
     D:4: 1548 daAuts
     D:2: 1471 daAuts
  Lair:1: 1455 daAuts
